Map: Heavy Artillery LE

Players

qqq - Winner!

  • Race: Protoss Protoss
  • League: Platinum
  • Spawn Location: 1:00

Massa - Winner!

  • Race: Terran Terran
  • League: Platinum
  • Spawn Location: 3:00

rubberGamer

  • Race: Protoss Protoss
  • League: Diamond
  • Spawn Location: 7:00

EpicElvin

  • Race: Terran Terran
  • League: Diamond
  • Spawn Location: 7:00

VOD

Have the link to the VOD?

Description

Time

  • Played on: Dec. 4, 2020, 5:04 p.m.
  • Length: 21:13
Show
View Real Time Build Order
Export as new Build Order

qqq Protoss - Winner!

Build Orders: Cannon Rush, Carriers 

Get SALT Encoding   

  12  0:00  Probe  
  13  0:13  Probe  
  14  0:29  Probe  
  14  0:31  Pylon  
  15  0:49  Probe  
  16  0:51  Forge  
  16  1:01  Probe  
  17  1:06  Pylon  
  17  1:10  Pylon  
  17  1:11  Pylon  
  17  1:25  Photon Cannon  
  17  1:35  Photon Cannon  
  17  1:50  Photon Cannon  
  17  1:53  Pylon  
  16  1:55  Photon Cannon  
  16  2:00  Pylon  
  16  2:09  Photon Cannon  
  15  2:29  Nexus  
  15  2:32  Probe  
  16  2:49  Probe (Chrono Boost)  
  17  2:52  Pylon  
  17  3:02  Probe (Chrono Boost)  
  17  3:05  Gateway  
  18  3:07  Assimilator  
  18  3:11  Probe (Chrono Boost)  
  19  3:16  Probe (Chrono Boost)  
  19  3:19  Assimilator  
  21  3:28  Probe (Chrono Boost)  
  21  3:46  Probe  
  22  3:52  Zealot  
  24  3:57  Cybernetics Core  
  24  3:58  Probe  
  25  4:10  Probe (Chrono Boost)  
  25  4:11  Probe (Chrono Boost)  
  27  4:19  Photon Cannon  
  27  4:20  Probe x2 (Chrono Boost)  
  29  4:25  Probe (Chrono Boost)  
  29  4:26  Probe  
  31  4:34  Stargate  
  31  4:37  Probe  
  31  4:38  Probe  
  33  4:45  Stargate  
  33  4:58  Photon Cannon  
  33  5:05  Stalker  
  35  5:08  Probe (Chrono Boost)  
  35  5:14  Probe (Chrono Boost)  
  37  5:17  Void Ray (Chrono Boost)  
  37  5:18  Probe (Chrono Boost)  
  37  5:19  Assimilator  
  41  5:22  Probe (Chrono Boost)  
  41  5:23  Probe (Chrono Boost), Assimilator  
  44  5:35  Probe  
  45  5:41  Photon Cannon  
  45  5:42  Pylon  
  45  5:43  Shield Battery  
  45  5:53  Void Ray (Chrono Boost)  
  45  5:55  Void Ray (Chrono Boost)  
  45  5:59  Pylon  
  45  6:02  Pylon  
  53  6:05  Pylon  
  53  6:07  Pylon  
  51  6:35  Protoss Air Weapons Level 1 (Chrono Boost)  
  51  6:37  Phoenix (Chrono Boost)  
  55  6:44  Phoenix (Chrono Boost)  
  55  7:14  Void Ray  
  55  7:20  Phoenix  
  61  7:26  Fleet Beacon  
  61  7:29  Probe  
  63  7:30  Probe  
  63  7:40  Stargate  
  63  7:41  Probe  
  63  7:42  Probe  
  65  7:51  Void Ray  
  65  7:54  Probe x2  
  71  8:04  Void Ray  
  71  8:06  Probe  
  77  8:18  Probe, Nexus  
  77  8:21  Pylon, Flux Vanes  
  77  8:24  Pylon  
  77  8:33  Protoss Air Armor Level 1 (Chrono Boost)  
  71  8:54  Carrier  
  77  9:13  Carrier  
  83  9:20  Photon Cannon  
  83  9:23  Photon Cannon  
  83  9:28  Photon Cannon  
  79  9:36  Carrier  
  85  9:43  Nexus  
  85  9:46  Probe (Chrono Boost), Pylon  
  85  9:49  Pylon  
  86  9:56  Probe (Chrono Boost)  
  86  9:58  Tempest  
  92  10:01  Probe (Chrono Boost)  
  93  10:12  Probe  
  90  10:17  Carrier  
  96  10:24  Probe  
  81  10:49  Carrier  
  87  11:01  Probe  
  87  11:03  Assimilator  
  88  11:05  Carrier  
  88  11:07  Assimilator  
  94  11:13  Probe  
  95  11:25  Probe  
  95  11:30  Protoss Air Armor Level 2 (Chrono Boost)  
  95  11:31  Probe  
  97  11:38  Probe  
  98  11:43  Probe  
  98  11:46  Tempest  
  104  11:50  Probe  
  105  11:54  Pylon  
  105  11:55  Probe  
  106  12:02  Probe, Robotics Facility  
  106  12:03  Nexus  
  106  12:04  Tempest  
  106  12:05  Pylon  
  106  12:08  Probe, Pylon  
  113  12:09  Pylon  
  113  12:11  Pylon  
  113  12:14  Probe, Pylon  
  114  12:16  Carrier, Pylon  
  114  12:18  Pylon  
  114  12:20  Probe  
  121  12:26  Probe  
  122  12:32  Probe  
  123  12:38  Probe  
  125  12:44  Probe  
  125  12:50  Probe  
  126  12:54  Photon Cannon  
  126  12:55  Photon Cannon x2  
  126  12:56  Probe  
  127  12:59  Photon Cannon  
  127  13:00  Photon Cannon  
  127  13:03  Photon Cannon, Shield Battery  
  127  13:05  Pylon  
  127  13:06  Observer  
  127  13:09  Probe x2  
  130  13:19  Mothership  
  138  13:21  Probe x2  
  140  13:27  Observer  
  140  13:33  Probe  
  142  13:46  Shield Battery  
  142  13:47  Photon Cannon  
  142  13:48  Pylon  
  142  13:49  Observer, Probe  
  142  13:50  Probe x2  
  142  13:51  Pylon  
  142  13:53  Void Ray, Carrier (Chrono Boost), Pylon  
  152  13:58  Carrier (Chrono Boost)  
  152  14:02  Probe x2  
  164  14:06  Probe  
  165  14:11  Photon Cannon  
  165  14:18  Probe  
  166  14:30  Probe  
  159  14:33  Pylon  
  159  14:36  Photon Cannon, Phoenix (Chrono Boost), Assimilator  
  161  14:39  Photon Cannon  
  161  14:41  Assimilator  
  161  14:42  Probe  
  161  14:43  Photon Cannon  
  162  14:45  Photon Cannon  
  162  14:48  Photon Cannon, Void Ray (Chrono Boost)  
  162  14:49  Shield Battery  
  162  14:51  Photon Cannon  
  162  14:54  Probe  
  162  14:59  Carrier (Chrono Boost)  
  173  15:00  Carrier (Chrono Boost)  
  173  15:06  Probe  
  180  15:14  Twilight Council  
  180  15:16  Zealot  
  180  15:18  Probe  
  183  15:31  Probe  
  184  15:43  Probe, Zealot  
  183  16:10  Zealot  
  182  16:37  Zealot  
  176  16:44  Carrier x3  
  188  17:04  Zealot  
  188  17:07  Protoss Air Weapons Level 2 (Chrono Boost)  
  180  17:48  Carrier x2  
  180  17:49  Carrier  
  192  18:53  Carrier  
  198  19:06  Observer  
  199  19:27  Observer  
  200  19:33  Charge  
Show
View Real Time Build Order
Export as new Build Order

Massa Terran - Winner!

Build Orders: 2 Factory 

Get SALT Encoding   

  12  0:00  SCV  
  13  0:12  SCV  
  14  0:25  SCV, Supply Depot  
  15  0:39  Refinery  
  15  0:47  SCV  
  15  0:48  Barracks  
  16  0:59  SCV  
  17  1:11  SCV  
  18  1:23  SCV  
  19  1:35  SCV  
  20  1:40  Reaper  
  21  1:47  Orbital Command, Command Center  
  21  2:02  Factory  
  21  2:04  Supply Depot  
  21  2:12  Barracks Tech Lab  
  22  2:15  SCV  
  22  2:29  SCV  
  23  3:10  Barracks Reactor  
  23  3:12  Factory  
  23  3:13  Orbital Command  
  23  3:14  SCV  
  23  3:18  Engineering Bay  
  24  3:21  Command Center  
  24  3:26  SCV  
  25  3:30  Refinery  
  25  3:32  Barracks  
  25  3:33  Barracks  
  25  3:38  SCV  
  25  3:39  Hellion  
  28  3:50  Marine  
  28  4:12  Supply Depot  
  28  4:16  Hellion  
  30  4:19  Hellion x2  
  30  4:22  Barracks Tech Lab  
  34  4:24  SCV  
  34  4:28  Terran Infantry Weapons Level 1  
  35  4:33  Missile Turret  
  35  4:37  SCV  
  35  4:38  Hellion  
  38  4:41  Hellion  
  40  4:46  Barracks Tech Lab  
  40  4:47  Barracks Reactor  
  40  4:50  Marine  
  41  4:56  Hellion  
  41  4:59  Hellion  
  45  5:02  Hellion  
  45  5:08  Marine  
  46  5:20  Marauder  
  48  5:26  Marauder  
  49  5:41  Widow Mine, Marauder  
  49  5:42  Widow Mine  
  57  5:44  Marine  
  57  5:45  Marine  
  57  5:46  SCV x3  
  57  5:48  Marauder  
  56  5:58  SCV x2  
  56  6:01  Widow Mine  
  56  6:02  Marine x2  
  56  6:03  Marine  
  63  6:08  Factory Tech Lab, Marine  
  60  6:20  Marine  
  60  6:21  Marauder  
  60  6:23  Widow Mine  
  61  6:27  Marauder  
  63  6:34  SCV  
  63  6:35  SCV  
  63  6:38  Refinery  
  65  6:42  Marauder  
  65  6:46  Missile Turret  
  65  6:47  Terran Infantry Armor Level 1, SCV x2  
  69  6:51  Armory  
  69  7:00  Refinery  
  69  7:03  Supply Depot  
  69  7:07  Orbital Command  
  69  7:08  Supply Depot  
  69  7:10  Supply Depot x3  
  69  7:21  Stimpack  
  69  7:23  Marauder  
  69  7:25  SCV x2, Marauder, Marine x2  
  75  7:37  SCV x2  
  75  7:39  Siege Tank  
  75  7:41  Widow Mine  
  75  7:42  Marine x2  
  84  7:44  Marauder  
  84  7:47  SCV, Marauder  
  84  7:49  SCV x2  
  91  7:52  Missile Turret  
  91  7:59  Starport, SCV  
  91  8:00  Marine  
  91  8:01  SCV x2  
  99  8:06  Marauder  
  99  8:08  Marauder  
  99  8:10  Factory Reactor  
  99  8:11  SCV  
  100  8:13  Combat Shield  
  100  8:14  Missile Turret  
  88  8:56  Siege Tank  
  88  8:57  Widow Mine x2  
  88  9:01  Concussive Shells  
  80  9:11  Marauder x2, Marine x2  
  80  9:12  SCV x3  
  89  9:19  Widow Mine  
  82  9:24  SCV  
  82  9:25  SCV x2  
  82  9:28  Siege Tank  
  71  9:32  Marauder x2  
  71  9:33  Marine  
  71  9:34  Marine  
  71  9:36  Widow Mine, SCV  
  71  9:37  SCV x2  
  82  9:40  Widow Mine  
  82  9:42  Barracks  
  82  9:44  Barracks  
  84  9:48  SCV  
  84  9:49  SCV x2  
  84  9:51  Marine x2  
  89  9:53  Marauder  
  89  9:54  Marauder  
  89  9:57  Refinery  
  89  9:59  Refinery  
  93  10:00  SCV  
  93  10:01  SCV x2, Siege Tank  
  93  10:05  Command Center  
  86  10:09  Marine  
  86  10:11  Marine  
  86  10:12  SCV  
  76  10:15  Marauder x2  
  81  10:26  Terran Infantry Weapons Level 2  
  81  10:27  Marine  
  80  10:28  Barracks, Marine  
  80  10:30  Barracks x2  
  80  10:33  Barracks, Siege Tank  
  75  10:36  Marauder x2  
  76  10:45  Marine  
  76  10:46  Marine  
  69  10:58  Marauder x2  
  72  11:10  Orbital Command  
  72  11:16  Barracks Tech Lab  
  72  11:19  Barracks Reactor, Barracks Tech Lab, Marauder x2  
  72  11:20  Barracks Tech Lab, Marine x2  
  78  11:32  Missile Turret  
  78  11:33  SCV x2  
  78  11:36  SCV  
  78  11:38  Marine x2  
  83  11:40  Marauder  
  83  11:41  Marauder  
  83  11:42  Planetary Fortress  
  83  11:45  SCV x2  
  89  11:48  SCV, Missile Turret  
  89  11:53  Factory Tech Lab  
  90  11:55  Marauder x3  
  90  11:56  Marine x3  
  90  11:57  SCV x2  
  90  12:00  SCV  
  102  12:02  Marauder x2  
  106  12:09  SCV x2  
  106  12:12  SCV  
  106  12:14  Barracks  
  109  12:16  Marauder  
  109  12:17  Marauder x2, Factory  
  109  12:19  Refinery  
  109  12:21  Refinery, SCV x2  
  117  12:23  Marauder x2  
  117  12:24  SCV x2  
  117  12:28  Command Center  
  123  12:33  SCV  
  124  13:05  Factory Tech Lab, Barracks Tech Lab  
  124  13:10  Starport Reactor  
  124  13:14  Supply Depot  
  124  13:15  Supply Depot x2  
  124  13:17  Supply Depot  
  124  13:21  Terran Infantry Armor Level 2  
  124  13:22  Supply Depot  
  124  13:24  Supply Depot  
  124  13:25  Terran Vehicle Weapons Level 1, Supply Depot  
  124  13:26  Engineering Bay, Ghost Academy  
  124  13:33  Missile Turret  
  124  13:35  Marine x2  
  124  13:36  SCV x3, Marauder x4, Marine x2, Siege Tank  
  124  13:37  SCV, Marauder  
  124  13:39  Planetary Fortress  
  145  13:44  Supply Depot x2  
  145  13:45  Supply Depot  
  145  13:46  Marauder, Supply Depot  
  145  13:47  Supply Depot  
  145  13:48  SCV x3  
  148  13:49  SCV, Siege Tank, Supply Depot  
  148  13:51  Medivac x2  
  148  13:52  Supply Depot  
  148  13:53  Marine x2  
  148  13:54  Marine x2  
  162  13:56  Refinery  
  162  13:57  Marauder  
  162  13:58  Marauder x4  
  162  13:59  Refinery  
  162  14:00  Missile Turret  
  162  14:01  SCV  
  173  14:08  Siege Tank  
  176  14:13  Supply Depot  
  176  14:19  Marauder x2  
  176  14:21  Medivac x2, Siege Tank  
  176  14:22  Missile Turret  
  187  14:40  Siege Tank  
  187  14:43  Missile Turret  
  190  14:53  Siege Tank  
  190  14:58  Enhanced Shockwaves  
  193  15:04  Ghost Academy  
  193  15:05  Refinery  
  193  15:07  Refinery  
  193  15:12  Starport, Siege Tank  
  196  15:15  Starport  
  196  15:16  Starport  
  196  15:21  Terran Infantry Weapons Level 3  
  196  15:23  Terran Vehicle And Ship Armor Level 1  
  194  16:05  Missile Turret  
  182  17:19  Viking x2  
  163  17:49  Viking x2  
  144  18:06  Marauder x4  
  144  18:07  Marauder x2, Marine x4  
  144  18:11  Thor x2  
  166  18:19  Viking x2  
  154  18:24  Marine  
  154  18:25  Marine x3  
  132  18:27  Marauder  
  132  18:32  Drilling Claws  
  132  18:34  Smart Servos  
  128  18:49  Missile Turret, Viking x2  
  128  18:50  Refinery  
  128  18:51  Missile Turret  
  128  18:53  Missile Turret x2  
  128  18:54  Thor x2  
  128  18:55  Missile Turret x2  
  144  19:04  Command Center  
  144  19:07  Starport Tech Lab, Starport Reactor x2  
  144  19:10  Personal Cloaking  
  144  19:12  Missile Turret  
  144  19:13  Nuke  
  144  19:14  Missile Turret  
  144  19:16  Missile Turret x2  
  144  19:17  Missile Turret x2  
  144  19:21  Viking x2  
  148  19:36  Thor x2  
  160  19:39  Missile Turret  
  160  19:51  Viking x2  
  164  20:01  Ghost x6  
  164  20:03  Refinery, Marine  
  164  20:04  Marine  
  164  20:06  Refinery  
  178  20:29  Ghost x2  
  178  20:30  Ghost x4  
Show
View Real Time Build Order
Export as new Build Order

rubberGamer Protoss 

Build Orders: 1 Gate Expand, Zealot Archon 

Get SALT Encoding   

  12  0:00  Probe  
  13  0:12  Probe  
  14  0:17  Pylon  
  14  0:24  Assimilator  
  14  0:28  Probe (Chrono Boost)  
  15  0:38  Assimilator  
  15  0:40  Probe (Chrono Boost)  
  16  0:46  Gateway  
  16  0:48  Probe (Chrono Boost)  
  17  1:00  Probe  
  18  1:28  Nexus  
  18  1:38  Zealot (Chrono Boost)  
  21  1:54  Probe  
  21  2:06  Probe  
  22  2:18  Probe  
  23  2:23  Assimilator, Cybernetics Core  
  23  2:41  Probe (Chrono Boost)  
  23  2:42  Pylon  
  25  2:44  Probe (Chrono Boost)  
  26  2:52  Probe (Chrono Boost)  
  26  2:53  Assimilator  
  26  2:55  Probe (Chrono Boost)  
  26  2:57  Probe (Chrono Boost)  
  27  3:00  Warp Gate (Chrono Boost)  
  27  3:02  Stalker  
  30  3:08  Probe, Twilight Council  
  31  3:20  Gateway  
  31  3:21  Probe (Chrono Boost)  
  31  3:25  Probe (Chrono Boost)  
  33  3:32  Probe (Chrono Boost)  
  34  3:38  Probe (Chrono Boost)  
  35  3:41  Gateway  
  35  3:45  Templar Archives  
  35  3:49  Gateway  
  35  3:50  Probe  
  36  3:55  Assimilator  
  36  4:07  Probe  
  36  4:09  Probe  
  38  4:13  Pylon  
  38  4:19  Probe  
  38  4:21  Probe  
  40  4:31  Probe  
  40  4:33  Probe  
  42  4:41  Pylon  
  42  4:44  High Templar x2  
  42  4:45  High Templar x2  
  50  4:48  Archon  
  50  4:49  Archon  
  50  4:59  Probe (Chrono Boost), Forge  
  51  5:05  Robotics Facility  
  51  5:08  Probe (Chrono Boost)  
  51  5:13  Probe (Chrono Boost)  
  53  5:23  High Templar  
  53  5:24  High Templar x2  
  53  5:25  Probe  
  60  5:41  High Templar  
  62  5:44  Protoss Ground Weapons Level 1 (Chrono Boost)  
  62  5:49  Archon  
  62  5:50  Archon  
  62  6:15  Pylon  
  62  6:17  Pylon  
  62  6:19  Pylon  
  62  6:33  Probe  
  62  6:34  Observer  
  64  6:45  Probe  
  65  6:48  High Templar  
  65  6:49  High Templar  
  65  6:50  Nexus, Stalker  
  65  6:51  Pylon, Stalker  
  65  6:53  Archon, Assimilator  
  73  6:55  Observer  
  74  7:01  Pylon  
  74  7:04  Photon Cannon  
  74  7:06  Photon Cannon  
  74  7:08  Photon Cannon  
  74  7:18  Stalker x2  
  74  7:22  Photon Cannon  
  78  7:26  Photon Cannon  
  78  7:36  High Templar x2  
  81  7:40  Archon  
  81  7:41  Stalker x2  
  85  7:55  Protoss Ground Weapons Level 2 (Chrono Boost), Immortal  
  89  7:59  Probe  
  89  8:00  Probe  
  89  8:04  Shield Battery  
  91  8:06  Photon Cannon  
  91  8:11  Probe  
  91  8:12  Probe  
  93  8:13  Pylon  
  93  8:19  Gateway  
  93  8:22  Gateway  
  93  8:23  Probe  
  93  8:24  Probe  
  93  8:26  Gateway, High Templar x2, Forge  
  99  8:27  Stalker x2  
  99  8:30  Gateway, Archon  
  103  8:35  Probe  
  103  8:36  Probe  
  97  8:48  Probe  
  98  8:50  Stalker x2  
  102  9:07  Protoss Ground Armor Level 1 (Chrono Boost)  
  102  9:09  High Templar x2  
  98  9:16  Archon  
  96  9:32  Stalker x5  
  96  9:35  Stalker  
  108  9:42  Probe (Chrono Boost)  
  108  9:44  Assimilator  
  109  9:47  Probe (Chrono Boost)  
  112  9:53  Probe (Chrono Boost)  
  112  9:54  Probe (Chrono Boost)  
  112  9:57  Probe (Chrono Boost)  
  109  10:00  Probe (Chrono Boost)  
  109  10:01  Probe (Chrono Boost)  
  109  10:02  Probe (Chrono Boost)  
  98  10:08  Probe  
  98  10:12  Probe  
  98  10:13  Probe  
  91  10:20  Probe  
  88  10:24  Probe  
  77  10:46  High Templar x3  
  77  10:47  High Templar  
  77  10:48  Stalker x3  
  77  10:49  Stalker  
  93  10:53  Archon  
  93  10:54  Archon  
  89  11:26  High Templar  
  89  11:27  High Templar x3  
  89  11:28  Stalker x4  
  89  11:31  Archon  
  89  11:32  Archon  
  105  11:41  Nexus  
  105  11:42  Pylon  
  105  11:44  Pylon  
  105  11:48  Assimilator  
  105  11:51  Gateway  
  105  11:52  Assimilator  
  105  11:53  Gateway  
  105  11:54  Stalker x4  
  105  11:57  Gateway  
  113  12:03  Protoss Ground Weapons Level 3 (Chrono Boost)  
  113  12:07  Protoss Ground Armor Level 2 (Chrono Boost)  
  113  12:16  Pylon  
  113  12:18  High Templar  
  113  12:21  High Templar  
  117  12:25  Archon  
  117  12:37  Stalker x4  
  117  12:38  Stalker  
  127  12:48  Blink (Chrono Boost)  
  127  12:56  Probe  
  128  13:08  Probe  
  128  13:11  High Templar x2  
  128  13:12  Stalker x3  
  137  13:15  Archon  
  137  13:18  Observer  
  135  13:45  Gateway  
  135  13:46  High Templar x2  
  135  13:47  High Templar x2  
  143  13:51  Archon  
  143  13:52  Archon  
  143  13:55  Probe (Chrono Boost)  
  144  14:05  Probe (Chrono Boost)  
  144  14:06  Observer  
  146  14:10  Probe (Chrono Boost)  
  146  14:16  Protoss Ground Armor Level 3 (Chrono Boost)  
  147  14:21  Probe  
  148  14:24  Pylon  
  148  14:25  Pylon  
  148  14:32  Protoss Shields Level 1 (Chrono Boost), High Templar x3  
  148  14:34  Probe, High Templar  
  157  14:39  Archon x2  
  157  14:40  Stalker x2  
  157  14:41  Stalker  
  157  14:43  Stalker  
  165  15:11  High Templar x2  
  165  15:13  Stalker x5  
  179  15:15  Archon  
  176  15:38  High Templar x2  
  176  15:42  Archon  
  180  15:48  Pylon  
  178  15:50  Pylon  
  178  15:51  Pylon  
  164  16:08  Stalker x2  
  164  16:09  Stalker x6  
  164  16:10  Stalker x2  
  133  16:46  High Templar  
  133  16:47  High Templar x3  
  121  16:48  Stalker x4  
  121  16:49  Stalker  
  121  16:50  Archon  
  124  17:00  Nexus  
  122  17:02  Pylon  
  122  17:06  Stalker x2  
  99  17:33  High Templar x2  
  99  17:34  High Templar  
  101  17:37  Archon  
Show
View Real Time Build Order
Export as new Build Order

EpicElvin Terran 

Build Orders:  

Get SALT Encoding   

  12  0:00  SCV  
  13  0:12  SCV  
  14  0:19  Supply Depot  
  14  0:24  SCV  
  15  0:40  SCV  
  15  0:42  Barracks  
  16  0:51  Refinery  
  16  0:55  Refinery  
  16  0:57  SCV  
  17  1:09  SCV  
  18  1:17  Supply Depot  
  18  1:26  SCV  
  18  1:29  Marine  
  19  1:40  Orbital Command  
  19  1:51  Marine  
  20  2:09  Command Center  
  20  2:14  SCV  
  21  2:16  Marine  
  22  2:26  SCV  
  22  2:29  Factory  
  23  2:41  Marine  
  22  2:58  SCV  
  23  3:04  Supply Depot  
  23  3:13  Factory Tech Lab  
  23  3:17  Starport  
  23  3:18  Refinery  
  23  3:19  Barracks Reactor  
  23  3:26  SCV  
  24  3:29  Orbital Command  
  24  3:38  SCV  
  25  3:48  Cyclone  
  25  3:50  SCV  
  29  3:55  Orbital Command  
  29  4:02  SCV  
  30  4:08  Marine x2  
  32  4:10  Starport Reactor  
  32  4:14  SCV  
  33  4:20  Supply Depot  
  33  4:21  SCV  
  34  4:25  Cyclone  
  34  4:26  SCV  
  34  4:29  Marine x2  
  40  4:33  SCV  
  41  4:38  SCV  
  43  4:45  SCV  
  43  4:48  Barracks  
  43  4:49  Barracks  
  43  4:50  SCV  
  43  4:51  Marine x2  
  43  4:52  Medivac x2  
  50  5:13  Marine x2  
  52  5:17  SCV x2  
  52  5:19  Supply Depot  
  52  5:20  Supply Depot  
  54  5:38  Barracks Tech Lab x2  
  54  5:41  Cyclone, Marine x2  
  59  5:49  SCV x2  
  55  5:59  Marine x2  
  55  6:01  SCV x2  
  54  6:09  Marine x2  
  54  6:10  Stimpack, Combat Shield  
  56  6:13  SCV x2  
  56  6:18  Marine x2  
  59  6:19  Cyclone  
  63  6:25  SCV  
  63  6:26  SCV  
  65  6:37  SCV  
  65  6:38  SCV  
  67  6:40  Marine x2  
  69  6:48  Marauder x2  
  70  7:00  Refinery  
  70  7:01  Refinery  
  70  7:04  Command Center  
  70  7:15  SCV, Marine x2  
  70  7:19  SCV, Marine  
  70  7:31  SCV, Marauder, Cyclone  
  70  7:32  SCV, Supply Depot  
  70  7:33  Supply Depot  
  77  7:41  Marine  
  78  7:46  Supply Depot  
  78  7:47  Supply Depot x3  
  78  7:53  Marine  
  78  7:54  SCV x2, Marine x2, Viking x2  
  78  7:55  Concussive Shells  
  87  8:04  Command Center  
  87  8:06  SCV  
  88  8:14  Ghost Academy  
  88  8:15  Marine x2  
  88  8:16  Marauder x2, Ghost Academy  
  94  8:20  Cyclone  
  94  8:21  SCV  
  94  8:22  SCV, Mag-Field Accelerator  
  81  9:13  Marine x2  
  81  9:14  Marauder x2  
  82  9:35  Marine x2  
  82  9:36  Cyclone  
  87  9:39  Orbital Command  
  87  9:41  Marine x2  
  87  9:42  Personal Cloaking  
  87  9:43  Nuke  
  89  9:47  Barracks  
  89  9:49  Barracks  
  89  9:50  Liberator x2  
  89  9:52  Orbital Command  
  95  9:53  SCV, Barracks, Marine x2  
  95  9:58  Supply Depot  
  95  9:59  Supply Depot  
  98  10:05  SCV  
  103  10:07  Marauder x2  
  103  10:10  Cyclone  
  95  10:47  Marine x3  
  95  10:48  Marine  
  94  10:52  Cyclone  
  96  11:02  Viking x2  
  98  11:05  Marine x2  
  98  11:07  Ghost  
  98  11:08  Ghost  
  98  11:09  Barracks Tech Lab  
  98  11:10  Barracks Tech Lab  
  104  11:17  Barracks Tech Lab  
  104  11:20  Orbital Command  
  104  11:24  Refinery  
  104  11:28  Command Center  
  104  11:38  Ghost, Marine  
  105  11:40  SCV  
  105  11:41  SCV  
  107  11:49  SCV  
  107  11:52  SCV  
  107  11:53  SCV  
  110  11:57  Nuke  
  110  12:01  SCV  
  110  12:05  SCV x2  
  113  12:13  SCV  
  114  12:17  SCV x2  
  114  12:18  Marine x2  
  114  12:20  Ghost x2  
  122  12:25  SCV  
  122  12:27  Starport  
  121  12:41  Ghost  
  121  12:46  Ghost  
  121  12:48  SCV  
  121  12:51  SCV x2  
  121  12:54  Command Center  
  121  12:56  Command Center  
  123  13:00  SCV  
  123  13:05  Starport Tech Lab  
  124  13:09  Starport  
  124  13:16  Refinery  
  124  13:17  Starport Tech Lab  
  124  13:18  Refinery  
  124  13:23  Nuke  
  124  13:40  Fusion Core  
  124  13:50  Armory  
  124  13:51  Armory  
  124  14:14  Ghost, Marine x2  
  124  14:16  Starport Tech Lab  
  128  14:22  Nuke x2  
  128  14:40  Battlecruiser  
  128  14:43  Terran Ship Weapons Level 1  
  128  14:44  Terran Vehicle And Ship Armor Level 1  
  128  14:45  SCV x3  
  137  14:50  SCV  
  139  14:57  SCV  
  139  14:58  Refinery  
  139  15:00  Refinery  
  139  15:42  Ghost x2, Marine x2  
  139  15:43  Ghost  
  143  15:59  Battlecruiser x2  
  155  16:05  Battlecruiser  
  161  16:14  Engineering Bay  
  161  16:18  Nuke x2  
  116  17:13  Starport x2  
  116  17:14  Starport  
  108  17:38  SCV x2, Orbital Command  
  100  18:01  Starport Tech Lab x2  
  85  18:06  Fusion Core  
  85  18:08  Starport Tech Lab  
  84  18:13  SCV x2  
  84  18:19  SCV  
  87  18:25  SCV  
  88  18:39  SCV x4  
  92  18:43  Refinery  
  92  18:51  SCV  
  92  18:53  Battlecruiser  
  99  18:56  Refinery  
  99  19:01  Supply Depot x2  
  99  19:02  Supply Depot, Battlecruiser x2  
  111  19:04  SCV x3  
  114  19:10  SCV  
  114  19:16  SCV  
  116  19:22  SCV x2  
  116  19:23  SCV  
  119  19:28  SCV  
  120  19:34  SCV  
  121  19:56  Barracks  
  115  20:00  Battlecruiser  
Tags
 
Add a new tag
Caveats
  • Supply blocks, unpowered buildings, or Contaminate may cause inaccurate times.
  • Supply counts are checked every 10 seconds.